 Dungeon Crawl Stone Soup version 0.28.0-1-gb440e238dd (webtiles) character file.

Game seed: 5501054052868478387

10223 lawman0 the Merchant of Misery (level 11, -1/72 (80) HPs)
             Began as a Formicid Necromancer on Feb 20, 2022.
             Was a Believer of Kikubaaqudgha.
             Slain by a nine-headed hydra (5 damage)
             ... on level 10 of the Dungeon.
             The game lasted 00:26:20 (11201 turns).

lawman0 the Merchant of Misery (FoNe)              Turns: 11201, Time: 00:26:21

HP:   -1/72 (80)    AC: 20    Str: 18    XL:     11   Next: 89%
MP:   9/20          EV: 10    Int: 24    God:    Kikubaaqudgha [**....]
Gold: 1271          SH:  5    Dex: 11    Spells: 3/22 levels left

rFire   + . .      SeeInvis +   a - +7 glaive of Fundamental Breach {flame, rF+ rC+ Str+4}
rCold   + + .      Faith    .   b - +0 buckler
rNeg    . . .      Spirit   .   l - +7 Kryia's mail coat {PotionHeal*2 rC+}
rPois   .          Reflect  .   (helmet unavailable)
rElec   .          Harm     .   G - +1 cloak
rCorr   .          Rampage  +   (no gloves)
Will    +....                   r - +2 pair of boots {rampage}
Stlth   +.........              e - amulet of regeneration
HPRegen 1.02/turn               p - +6 ring of intelligence
MPRegen 0.17/turn               z - ring of wizardry

@: studying Staves, heavily drained
A: permanent stasis, dig shafts and tunnels, antennae 3, four strong arms
a: Dig, Shaft Self, Renounce Religion, Receive Corpses


You were on level 10 of the Dungeon.
You worshipped Kikubaaqudgha.
Kikubaaqudgha was pleased with you.
You visited 2 branches of the dungeon, and saw 11 of its levels.
You also visited: Bailey.

You collected 1271 gold pieces.

Inventory:

Hand Weapons
 a - the +7 glaive of Fundamental Breach (weapon) {flame, rF+ rC+ Str+4}
   (You took it off an orc on level 3 of the Dungeon)

   It burns those it strikes, dealing additional fire damage.
   Big, fiery blades are also staple armaments of hydra-hunters.
   Str:       It affects your strength (+4).
   rF:        It protects you from fire.
   rC:        It protects you from cold.
Missiles
 g - 3 javelins (quivered)
 m - 65 poisoned darts
 q - 25 boomerangs
 A - 10 curare-tipped darts
 B - 8 datura-tipped darts
 L - 2 throwing nets
Armour
 b - a +0 buckler (worn)
 l - the +7 Kryia's mail coat (worn) {PotionHeal*2 rC+}
   (You took it off a goblin on level 2 of the Dungeon)

   Potions are twice as effective at healing its wearer.
   rC:        It protects you from cold.
 r - a +2 pair of boots of rampaging (worn)
 G - a +1 cloak (worn)
 N - a +0 kite shield
Jewellery
 e - an amulet of regeneration (around neck)
 p - a +6 ring of intelligence (left hand)
 z - a ring of wizardry (right hand)
 J - a +6 ring of intelligence
Wands
 y - a wand of iceblast (5)
 F - a wand of flame (22)
 P - a wand of digging (7)
Scrolls
 f - 5 scrolls of immolation
 h - a scroll of fog
 k - 2 scrolls of noise {unknown}
 s - 4 scrolls of vulnerability {unknown}
 t - a scroll of torment {unknown}
 v - 4 scrolls of amnesia
 D - a scroll of blinking {unknown}
 H - a scroll of enchant weapon {unknown}
 I - a scroll of fear {unknown}
 O - a scroll of brand weapon {unknown}
Potions
 c - a potion of attraction
 d - a potion of curing {unknown}
 i - a potion of magic
 j - 2 potions of lignification
 n - a potion of berserk rage {unknown}
 o - a potion of brilliance {unknown}
 u - a potion of haste
 w - a potion of mutation {unknown}
 x - a potion of flight
 M - a potion of ambrosia {unknown}
Miscellaneous
 C - a tin of tremorstones (1/2)


   Skills:
 + Level 5.3 Fighting
 + Level 9.6 Polearms
 + Level 2.4 Throwing
 + Level 6.1 Armour
 + Level 3.5 Dodging
 + Level 2.6 Stealth
 + Level 5.5 Shields
 + Level 6.4 Spellcasting
 * Level 10.5 Necromancy


You had 3 spell levels left.
You knew the following spells:

 Your Spells              Type           Power      Damage    Failure   Level
a - Pain                  Necr           100%       1d9       1%          1
b - Animate Dead          Necr           27%        N/A       1%          4
c - Vampiric Draining     Necr           55%        2d9       1%          3
d - Agony                 Necr           55%        N/A       4%          5
e - Sublimation of Blood  Necr           55%        N/A       1%          2
f - Dispel Undead         Necr           55%        3d20      1%          4

Your spell library contained the following spells:

 Spells                   Type           Power      Damage    Failure   Level
 Animate Skeleton         Necr           100%       N/A       1%          1
 Scorch                   Fire           14%        2d5       16%         2
 Excruciating Wounds      Necr           27%        N/A       4%          5
 Death Channel            Necr           27%        N/A       21%         6
 Borgnjor's Vile Clutch   Necr/Erth      16%        N/A       32%         5
 Flame Wave               Conj/Fire      7%         2d5       67%         4
 Summon Cactus Giant      Summ           3%         N/A       100%        6


Dungeon Overview and Level Annotations

Branches:
Dungeon (10/15)            Temple (1/1) D:5             Orc (0/2) D:9
 Bailey (visited)
   Lair: D:8-11

Altars:
Ashenzari
Cheibriados
Dithmenos
Elyvilon
Fedhas
Gozag
Hepliaklqana
Kikubaaqudgha
Makhleb
Nemelex Xobeh
Okawaru
Qazlal
Ru
Sif Muna
Trog
Uskayaw
Vehumet
Wu Jian
Xom
Yredelemnul
Zin
The Shining One

Annotations:
D:10 axecop's ghost, journeyman HODe


Innate Abilities, Weirdness & Mutations

You cannot be hasted, slowed, berserked, paralysed or teleported.
You can dig through walls and to a lower floor.
You have a pair of large antennae on your head. (SInv)
Your four strong arms can wield two-handed weapons with a shield.


Message History

Unknown command.
Casting: Vampiric Draining (safe; 1% risk of failure)
Confirm with . or Enter, or press ? or * to list all spells.
Aiming: Vampiric Draining (safe; 1% risk of failure)
Press: ? - help, Shift-Dir - straight line, f/p - nine-headed hydra
Aim: a nine-headed hydra (heavily wounded, covered in acid)
You draw life force from the nine-headed hydra!
You feel life coursing into your body.
The nine-headed hydra is no longer covered in acid.
The nine-headed hydra misses you. The nine-headed hydra bites you.
* * * LOW HITPOINT WARNING * * *
The nine-headed hydra bites you but does no damage.
The nine-headed hydra bites you.
* * * LOW HITPOINT WARNING * * *
The nine-headed hydra bites you.
* * * LOW HITPOINT WARNING * * *
You block the nine-headed hydra's attack.
The nine-headed hydra barely misses you.
The nine-headed hydra bites you but does no damage.
You block the nine-headed hydra's attack.
Unknown command.
Unknown command.
Unknown command.
Unknown command.
Casting: Vampiric Draining (safe; 1% risk of failure)
Confirm with . or Enter, or press ? or * to list all spells.
Aiming: Vampiric Draining (safe; 1% risk of failure)
Press: ? - help, Shift-Dir - straight line, f/p - nine-headed hydra
Aim: a nine-headed hydra (heavily wounded)
You draw life force from the nine-headed hydra.
You feel life coursing into your body.
The nine-headed hydra bites you but does no damage. x2
The nine-headed hydra bites you!
* * * LOW HITPOINT WARNING * * *
You block the nine-headed hydra's attack.
The nine-headed hydra bites you but does no damage.
You block the nine-headed hydra's attack.
The nine-headed hydra bites you.
You die...
Kikubaaqudgha rasps: "You have failed me!
Welcome... death!"

#########..# #..# #..# #..# #..#
#..# #########..# #..#####
...........###############...)...
..........................<......
################.................
#.################ #@# #D# #.#
#.#
################.################
..........................[......
#######.........(................
#.###################.##### #>#
#.#


You could see a nine-headed hydra.

Vanquished Creatures
  Harold (D:9)
  4 two-headed ogres
  Pikel (D:6)
  A centaur zombie (D:10)
  A komodo dragon (D:7)
  A troll (D:10)
  Prince Ribbit (D:8)
  Grinder (D:6)
  A wyvern (D:6)
  6 yaks
  An acid dragon (D:9)
  A black bear (D:6)
  4 orc warriors
  2 ice beasts (D:6)
  A sky beast (D:7)
  2 necrophages
  3 centaurs
  8 kobold brigands
  A lemure (D:6)
  3 bullfrogs
  A gnoll sergeant (D:9)
  A wyvern zombie (D:6)
  A scorpion (D:6)
  A water moccasin zombie (D:6)
  A water moccasin skeleton (D:7)
  5 killer bees (D:7)
  2 howler monkeys (D:10)
  2 orc priests
  3 hounds (D:5)
  A gnoll shaman (D:6)
  A centaur skeleton (D:6)
  2 jellies
  Natasha (thrice) (D:3)
  Terence (D:3)
  4 iguanas
  6 orc wizards
  A hound zombie (D:5)
  2 hound skeletons
  A howler monkey zombie (D:4)
  9 adders
  16 gnolls
  10 river rats (D:6)
  2 white imps
  An adder skeleton (D:4)
  A worm (D:3)
  2 dart slugs
  47 orcs
  4 endoplasms
  5 giant cockroaches
  14 goblins
  8 hobgoblins
  2 jackals (D:1)
  11 quokkas
  7 ball pythons
  5 bats
  5 frilled lizards
  32 kobolds
  17 rats
281 creatures vanquished.

Vanquished Creatures (collateral kills)
  A two-headed ogre (D:9)
  A wraith (D:9)
  An orc warrior (Bailey)
  A kobold brigand (Bailey)
  A centaur zombie (D:10)
  2 orcs
  An endoplasm (D:2)
  A goblin (D:9)
  A hobgoblin (D:3)
  A kobold (Bailey)
11 creatures vanquished.

Vanquished Creatures (others)
  17 plants
  5 toadstools (D:1)
22 creatures vanquished.

Grand Total: 314 creatures vanquished

Notes
Turn   | Place    | Note
-------+----------+-------------------------------------------
     0 | D:1      | lawman0 the Formicid Necromancer began the quest for the
                  | Orb.
     0 | D:1      | Reached XP level 1. HP: 13/13 MP: 3/3
     2 | D:1      | Learned a level 1 spell: Animate Skeleton
   334 | D:1      | Reached XP level 2. HP: 19/19 MP: 3/5
  1057 | D:1      | Reached XP level 3. HP: 24/24 MP: 3/6
  1350 | D:2      | Learned a level 3 spell: Vampiric Draining
  1445 | D:2      | Reached XP level 4. HP: 29/30 MP: 3/8
  1638 | D:2      | Reached skill level 5 in Necromancy
  1759 | D:2      | based
  2028 | D:2      | Reached XP level 5. HP: 35/35 MP: 6/9
  2106 | D:2      | Found a faded altar of an unknown god.
  2174 | D:3      | Noticed Terence
  2234 | D:2      | Learned a level 5 spell: Agony
  2338 | D:3      | Killed Terence
  2339 | D:3      | Reached skill level 1 in Armour
  2339 | D:3      | Reached skill level 1 in Shields
  2428 | D:3      | Noticed Natasha
  2436 | D:3      | Killed Natasha
  2491 | D:3      | Identified the +7 glaive of Fundamental Breach {flame, rF+
                  | rC+ Str+4}
  2514 | D:3      | buddy
  2514 | D:3      | BUDDY
  2534 | D:2      | JESUS FUCKING CHRIST
  2537 | D:2      | OH MY GOD
  2537 | D:2      | O_O
  2768 | D:3      | Reached skill level 1 in Polearms
  2768 | D:3      | Reached XP level 6. HP: 22/34 MP: 4/11
  2826 | D:3      | Noticed Natasha
  2833 | D:3      | Killed Natasha
  3030 | D:3      | Noticed Natasha
  3034 | D:3      | Killed Natasha
  3923 | D:4      | Reached XP level 7. HP: 47/47 MP: 12/12
  3980 | D:4      | Found a sacrificial altar of Ru.
  4554 | D:4      | Reached skill level 6 in Necromancy
  4622 | D:5      | Entered Level 5 of the Dungeon
  4800 | D:5      | Reached XP level 8. HP: 27/53 MP: 6/13
  4815 | D:5      | Found a staircase to the Ecumenical Temple.
  4825 | Temple   | Entered the Ecumenical Temple
  5164 | Temple   | Became a worshipper of Kikubaaqudgha
  5604 | D:6      | Learned a level 4 spell: Animate Dead
  5621 | D:6      | Reached skill level 1 in Fighting
  5837 | D:6      | Noticed a wyvern
  5847 | D:6      | Killed a wyvern
  5848 | D:6      | Reached skill level 7 in Necromancy
  5877 | D:6      | Reached * piety under Kikubaaqudgha
  5877 | D:6      | Received a gift from Kikubaaqudgha
  6094 | D:6      | Reached XP level 9. HP: 61/61 MP: 15/15
  6106 | D:6      | Reached skill level 5 in Polearms
  6123 | D:6      | Noticed Grinder
  6152 | D:6      | Killed Grinder
  6250 | D:6      | Noticed a two-headed ogre
  6330 | D:6      | Killed a two-headed ogre
  6331 | D:6      | Reached skill level 1 in Throwing
  6486 | D:6      | Found a bloodstained altar of Trog.
  6651 | D:6      | Noticed Pikel
  6661 | D:6      | Killed Pikel
  6662 | D:6      | Reached XP level 10. HP: 42/70 MP: 15/17
  6900 | D:7      | Reached ** piety under Kikubaaqudgha
  6901 | D:7      | Reached skill level 8 in Necromancy
  6937 | D:7      | Learned a level 2 spell: Sublimation of Blood
  7252 | D:7      | You fall into a shaft and drop 3 floors!
  7252 | D:10     | Entered Level 10 of the Dungeon
  7272 | D:10     | Reached skill level 5 in Armour
  7346 | D:10     | Found a glowing silver altar of Zin.
  7381 | D:10     | Found a runed translucent gate.
  7381 | D:10     | Found a runed translucent gate.
  7381 | D:10     | Found a runed translucent gate.
  7383 | D:10     | Noticed axecop's ghost (journeyman HODe)
  7384 | D:10     | Noticed an 11-headed hydra
  7413 | D:9      | Noticed Harold
  7453 | D:10     | Reached skill level 5 in Spellcasting
  7652 | D:9      | Found a flagged portal.
  7665 | Bailey   | Entered a bailey
  7821 | Bailey   | Found a bloodstained altar of Trog.
  8125 | D:9      | Noticed a two-headed ogre
  8549 | D:8      | Reached skill level 9 in Necromancy
  8735 | D:8      | Reached *** piety under Kikubaaqudgha
  8735 | D:8      | Received a gift from Kikubaaqudgha
  8743 | D:8      | Learned a level 4 spell: Dispel Undead
  8819 | D:8      | Noticed Prince Ribbit
  8834 | D:8      | Killed Prince Ribbit
  8835 | D:8      | Reached XP level 11. HP: 63/78 MP: 17/19
  9321 | D:7      | Reached skill level 5 in Shields
  9729 | D:9      | Noticed a two-headed ogre
  9771 | D:9      | Killed a two-headed ogre
  9776 | D:9      | Killed Harold
  9777 | D:9      | Reached skill level 5 in Fighting
  9802 | D:9      | Killed a two-headed ogre
  9939 | D:9      | Found a sparkling altar of Nemelex Xobeh.
  9970 | D:9      | Found a staircase to the Orcish Mines.
 10030 | D:9      | Noticed a two-headed ogre
 10050 | D:9      | Killed a two-headed ogre
 10051 | D:9      | Reached skill level 10 in Necromancy
 10318 | D:9      | Noticed a two-headed ogre
 10325 | D:9      | Killed a two-headed ogre
 11201 | D:10     | Slain by a nine-headed hydra

Illustrated notes ..)....#...........# #.# ...###.........#...# #.#### ...# ##........#..[# #....# ...# #............# ####.# ...# ##.##........# .# #### .##........# .# ..#......!.# ## #.#.....).## ....##.@.# .##. #....# # #.#.## #.#.. #.#.## #. .# .. .# .. .. Turn 1759 on D:2: based

,*,,,,,,,,,,,* *,,*
,+,,,,,,,,,,,* *,,*
,*,,,,,,,,,,,* *,,*
,+,,,,,,,,,,,* *,,*
,***,,,,,,,,,* *,,*
.............# *,,*
.............# *,,*
.............#######*,,*
.............#..@..##..#
.............#.###.##..#
#...##.......#.# #.##..#
+..†.........#.###{##..#
#...........{#<).#o##..#
+............#####{##..#
#.....#####..oo...o.#..####
..........#.#............<#
..!.......#.#.#############


Turn 2514 on D:3: buddy ##### ....# ...[# ....##############
................@####### ....##########.#.......# ....# #........#.#####.# ....#
#........#.# #.# ....# #........#.# #.# #######........#.## #.#
.)....#...........# #.# ..###.........#...# #.#### ..# ##........#..[# #....#
Turn 2534 on D:2: JESUS FUCKING CHRIST ##### ....# ...[# ....##############
................@####### ....##########.#.......# ....# #........#.#####.# ....#
#........#.# #.# ....# #........#.# #.# #######........#.## #.#
.)....#...........# #.# ..###.........#...# #.#### ..# ##........#..[# #....#
Turn 2537 on D:2: OH MY GOD

Levels and vault maps discovered:
D:1:      ldierk_walled_garden, layout_loops_cross, serial_forest,
          infiniplex_forest_clump_diagonal, infiniplex_forest_diagonal,
          infiniplex_forest_clump_tiny, infiniplex_forest_clump_long,
          infiniplex_forest_end_1, infiniplex_forest_lined_3,
          infiniplex_forest_clump_medium
D:2:      layout_basic, chequers_ecumenical_altar_lobes
D:3:      corexii_shack_village, layout_basic, uniq_terence, uniq_natasha
D:4:      minmay_door_path, layout_loops_corners, mainiacjoe_overflow_catwalk
D:5:      layout_cave_pools, minmay_temple_entry_glassed_door, serial_rivers,
          chequers_serial_rivers_micro_d, chequers_serial_rivers_room_b,
          chequers_serial_rivers_marsh, chequers_serial_rivers_micro_d,
          chequers_serial_rivers_large_b
D:6:      lemuel_ratsnest, layout_loops_ring,
          mainiacjoe_overflow_surrounded_room, minmay_manual_mandibuliform,
          uniq_pikel, uniq_grinder
D:7:      layout_cave_pools, bh_walls_and_bars
D:8:      layout_basic, uniq_prince_ribbit1
D:9:      layout_basic, nemelex_spade_bored_becter, orc_0_dummy,
          lightli_bailey_entry_fortress, uniq_harold
D:10:     layout_long_grid, zin_treasury, gammafunk_ghost_hydra_chop,
          chequers_serial_rivers_small_3
Temple:   dpeg_five_rooms_temple

Skill      XL: |  1  2  3  4  5  6  7  8  9 10 11 |
---------------+----------------------------------+-----
Necromancy     | 5 6 7 9 10 | 10.5
Spellcasting   | 3 4 5 6 |  6.4
Armour         | 1 2 3 4 5 6 |  6.1
Shields        | 1 3 4 5 |  5.5
Polearms       | 1 2 4 7 8 9 |  9.6
Dodging        | 2 3 |  3.5
Fighting       | 1 3 4 5 |  5.3
Throwing       | 2 |  2.4
Stealth        | |  2.6

Action                   |  1- 3 |  4- 6 |  7- 9 | 10-12 || total
-------------------------+-------+-------+-------+-------++-------
Melee: Unarmed           |     2 |       |       |       ||     2
       Club              |    31 |     1 |       |       ||    32
       Halberd           |       |    65 |       |       ||    65
       Glaive            |       |    58 |   198 |   255 ||   511
Throw: Javelin           |       |     2 |    14 |     2 ||    18
 Cast: Pain              |    45 |    70 |    27 |       ||   142
       Animate Skeleton  |     4 |    22 |    11 |       ||    37
       Vampiric Draining |       |       |     3 |    10 ||    13
       Animate Dead      |       |       |     4 |    33 ||    37
Invok: Receive Corpses   |       |       |     1 |    13 ||    14
 Abil: Dig               |       |     4 |       |     3 ||     7
Evoke: Wand              |       |       |       |     4 ||     4
       Tin of tremorston |       |       |       |     1 ||     1
  Use: Scroll            |     3 |     3 |     6 |       ||    12
       Potion            |       |       |       |     4 ||     4
 Stab: Distracted        |       |     1 |     1 |       ||     2
Armor: Ring mail         |    22 |     1 |       |       ||    23
       Scale mail        |       |    87 |   103 |   177 ||   367
       Skin              |       |       |       |    34 ||    34
Dodge: Dodged            |    28 |    80 |   103 |   169 ||   380
Block: Buckler           |    10 |    19 |    44 |    89 ||   162
